cohdb
Replays
Latest Replays
All Replays
Popular Replays
Top Player Replays
Match Explorer
How It Works
Community
CoH3 Stats
Reddit
Sign in to upload your games and track your stats! →
Sign in with Steam
Match 31500505
Unlisted
Match 31500505
Overview
Messages
Build Orders
End
Construct Infanterie Kompanie
Pioneer Squad
Grenadier Squad
MG 42 Machine Gun Team
Grenadier Squad
Grenadier Squad
Construct Panzergrenadier Kompanie
Pak 40 Anti-tank Gun Team
Infanterie Officer Quarters
Selects Breakthrough Battlegroup
Selects Assault Grenadiers
Selects Breakthrough
Selects Rapid Production
Construct Panzer Kompanie
Panzergrenadier Squad
Panzergrenadier Squad
Sturmpanzer IV Brummbär
Selects Blitzkrieg
Panzergrenadier Squad
Panzergrenadier Officer Quarters
Medical Station
Selects Incendiary Bombing Run
Incendiary Bombing Run
Panzergrenadier Squad
Pak 40 Anti-tank Gun Team
Support Elements
Nebelwerfer 42 Rocket Launcher Team
Incendiary Bombing Run
Selects Tiger Heavy Tank
Breakthrough
Tiger Heavy Tank
Arashenstein
IJustDontCare
5
derank c[o]mpany
0
0
Comments
sign in to comment!
No comments posted yet!